 Dungeon Crawl Stone Soup version 0.22.1-2-g9c5b331 (webtiles) character file.

8262 havocjr2 the Destroyer (level 11, -4/94 HPs)
             Began as a Grey Draconian Conjurer on Dec 7, 2018.
             Was a Believer of Vehumet.
             Slain by Erolcha
             ... wielding a +7 giant club
              (14 damage)
             ... on level 9 of the Dungeon.
             The game lasted 02:09:27 (13522 turns).

havocjr2 the Destroyer (Grey Draconian Conjurer)   Turns: 13522, Time: 02:09:28

Health: -4/94      AC: 19    Str: 14    XL:     11   Next: 7%
Magic:  8/21       EV: 15    Int: 17    God:    Vehumet [**....]
Gold:   516        SH:  0    Dex: 17    Spells: 9/24 levels left

rFire    . . .     SeeInvis +   A - staff of conjuration
rCold    . . .     Gourm    .   (no shield)
rNeg     . . .     Faith    .   (armour unavailable)
rPois    .         Spirit   .   u - +2 hat
rElec    +         Reflect  .   (no cloak)
rCorr    .         Harm     .   z - +2 pair of gloves
MR       .....                  y - +1 pair of boots
Stlth    +++.......             (no amulet)
HPRegen  0.25/turn              t - ring of see invisible
MPRegen  0.17/turn              s - +5 ring of dexterity

@: about to teleport, slowed, very slow
A: walk through water, unfitting armour, talons 1, electricity resistance,
strong 1, unbreathing, cold-blooded, AC +12
a: Renounce Religion


You were on level 9 of the Dungeon.
You worshipped Vehumet.
Vehumet was pleased with you.
You were not hungry.

You visited 2 branches of the dungeon, and saw 11 of its levels.

You collected 516 gold pieces.

Inventory:

Hand Weapons
 a - a +0 spear
 m - a +0 blowgun
 w - a +0 arbalest
 B - a +1 whip of freezing
 D - a +3 dagger of holy wrath
 F - the +4 hand axe of Nyosaq {holy, *Noise rC+ Str+5 SInv}
   (You found it on level 5 of the Dungeon)

   It has been blessed by the Shining One to cause great damage to the undead
   and demons.
   It affects your strength (+5).
   It protects you from cold.
   It lets you see invisible.
   It may make noises in combat.
 H - a cursed -1 dagger
 M - a +2 battleaxe of distortion
Missiles
 d - 11 tomahawks
 e - 98 stones
 p - 49 poisoned needles (quivered)
 x - 59 bolts
 I - 2 tomahawks of dispersal
 N - 5 throwing nets
Armour
 u - a +2 hat (worn)
 y - a +1 pair of boots (worn)
 z - a +2 pair of gloves (worn)
Magical Staves
 i - an uncursed staff of cold
 A - an uncursed staff of conjuration (weapon)
Jewellery
 r - an uncursed ring of fire
 s - a +5 ring of dexterity (right hand)
 t - a ring of see invisible (left hand)
Wands
 G - a wand of polymorph (18)
 L - a wand of clouds (3)
 P - a wand of random effects (14)
 W - a wand of disintegration (7)
Scrolls
 c - 4 scrolls of remove curse
 f - 4 scrolls of teleportation
 g - 4 scrolls of identify
 h - 2 scrolls of amnesia
 j - 5 scrolls of magic mapping
 k - 4 scrolls of immolation
 o - 3 scrolls of random uselessness
 q - a scroll of fear
 C - a scroll of fog
 Q - 3 scrolls of blinking
 S - a scroll of enchant weapon {unknown}
Potions
 l - 5 potions of berserk rage
 n - a potion of resistance
 v - 3 potions of lignification
 E - 2 potions of curing
 K - a potion of agility {unknown}
 O - a potion of degeneration {unknown}
 R - a potion of haste {unknown}
 T - 2 potions of ambrosia {unknown}
 U - 2 potions of flight {unknown}
 V - a potion of might
Comestibles
 b - 13 rations


   Skills:
 + Level 7.9 Fighting
 + Level 3.0 Staves
 + Level 4.9 Dodging
 + Level 6.1 Stealth
 + Level 7.1 Spellcasting
 + Level 9.1 Conjurations
 + Level 6.1 Hexes
 + Level 2.4 Earth Magic


You had 9 spell levels left.
You knew the following spells:

 Your Spells              Type           Power        Failure   Level  Hunger
a - Magic Dart            Conj           ####         1%          1    None
b - Searing Ray           Conj           ######       1%          2    None
c - Dazzling Spray        Conj/Hex       #####.       1%          3    ##.....
d - Iskenderun's Mystic   Conj           ######..     2%          4    ####...
e - Fulminant Prism       Conj/Hex       #####.....   4%          4    ####...
f - Sandblast             Erth           ##....       4%          1    None

Your spell library contained the following spells:

 Spells                   Type           Power        Failure   Level  Hunger
 Throw Frost              Conj/Ice       ####..       2%          2    None
 Confusing Touch          Hex            ####..       1%          1    None
 Animate Skeleton         Necr           N/A          12%         1    None
 Apportation              Tloc           #.....       12%         1    None
 Summon Small Mammal      Summ           #...         12%         1    None
 Force Lance              Conj/Tloc      ####....     17%         4    ####...


Dungeon Overview and Level Annotations

Branches:
Dungeon (10/15)            Temple (1/1) D:6            Lair (0/6) D:10
    Orc: D:9-12

Altars:
Ashenzari
Cheibriados
Dithmenos
Elyvilon
Fedhas
Gozag
Hepliaklqana
Kikubaaqudgha
Makhleb
Nemelex Xobeh
Okawaru
Qazlal
Ru
Sif Muna
Trog
Uskayaw
Vehumet
Wu Jian
Xom
Yredelemnul
Zin
The Shining One

Annotations:
D:9 Erolcha
D:10 Sonja


Innate Abilities, Weirdness & Mutations

You can walk through water.
Your dull iron-grey scales are very hard. (AC +12)
You cannot fit into any form of body armour.
You can survive without breathing.
You are cold-blooded and may be slowed by cold attacks.
You have sharp toenails.
You are resistant to electric shocks. (rElec)
Your muscles are strong. (Str +2)


Message History

The bolt of cold hits you!
Erolcha hits you with an enchanted giant club!!
* * * LOW HITPOINT WARNING * * *
As you read the scroll of teleportation, it crumbles to dust.
You feel strangely unstable.
Erolcha hits you with an enchanted giant club.
* * * LOW HITPOINT WARNING * * *
Erolcha hits you with an enchanted giant club!!
* * * LOW HITPOINT WARNING * * *
Erolcha closely misses you. Erolcha gestures at you while chanting.
The bolt of cold misses you.
Your surroundings suddenly seem different.
You start resting.
Erolcha is too close now for your liking.
Erolcha roars.
As you read the scroll of teleportation, it crumbles to dust.
You feel strangely unstable. Erolcha barely misses you.
Erolcha hits you with an enchanted giant club!
You die...

#.## #.#
####.#####.##########
#.....#.....#........
#.....#.###.#.#######
#.......# #.#.#######
#.....#.###..........
#.....#.....#......##
##..O#####.#######.#
#...@.# #.# #.#
#.....# #.# #.##
#.....# #.# #...
##...## #.# ####
##(## #.# #...
#.######.# #...
#.#...>O.# #.##
#.#.###### #.# #.#.#
#.#


You could see Erolcha.

Vanquished Creatures
  Harold (D:7)
  Erica (D:10)
  Pikel (D:3)
  A polar bear (D:8)
  A hippogriff (D:9)
  A spriggan (D:7)
  3 yaks (D:8)
  Menkaure (D:7)
  3 water moccasins
  4 orc warriors
  5 ice beasts
  2 necrophages
  A slave (D:3)
  2 black bears (D:8)
  A phantom (D:6)
  4 ogres
  A centaur (D:9)
  5 wolves (D:8)
  7 bullfrogs
  A water moccasin zombie (D:6)
  3 water moccasin skeletons
  3 scorpions
  10 killer bees
  3 howler monkeys
  4 electric eels (D:8)
  A bullfrog zombie (D:6)
  4 crimson imps
  A centaur zombie (D:9)
  2 hounds
  A quasit (D:7)
  2 jellies
  3 bullfrog skeletons
  8 orc priests
  9 orc wizards
  A gnoll shaman (D:5)
  An iguana (D:5)
  7 worker ants
  A killer bee zombie (D:8)
  A bullfrog simulacrum (D:8)
  A mummy (D:6)
  A worker ant zombie (D:5)
  4 gnolls
  8 adders
  A shadow imp (D:5)
  7 white imps (D:8)
  A worker ant simulacrum (D:8)
  An ufetubus (D:8)
  2 oozes
  An adder zombie (D:3)
  2 adder skeletons
  A worm (D:4)
  4 leopard geckos
  31 orcs
  3 ball pythons
  5 giant cockroaches
  7 goblins
  13 hobgoblins
  2 jackals (D:7)
  9 kobolds
  2 quokkas
  6 bats
  2 frilled lizards
  A jackal skeleton (D:5)
  10 rats
236 creatures vanquished.

Vanquished Creatures (others)
  2 slaves (D:4)
  2 killer bees (D:10)
  A gnoll shaman (D:4)
  A gnoll (D:4)
  A frilled lizard (D:4)
  14 fulminant prisms
21 creatures vanquished.

Grand Total: 257 creatures vanquished

Notes
Turn   | Place    | Note
-------+----------+-------------------------------------------
     0 | D:1      | havocjr2 the Draconian Conjurer began the quest for the
                  | Orb.
     0 | D:1      | Reached XP level 1. HP: 14/14 MP: 3/3
   228 | D:1      | Reached XP level 2. HP: 20/20 MP: 1/5
   705 | D:2      | Reached skill level 5 in Conjurations
   705 | D:2      | Reached XP level 3. HP: 26/26 MP: 3/6
   931 | D:2      | Learned a level 2 spell: Searing Ray
  1614 | D:2      | Found a hide-covered altar of Uskayaw.
  2052 | D:3      | Reached skill level 1 in Fighting
  2052 | D:3      | Reached XP level 4. HP: 32/35 MP: 1/7
  2319 | D:3      | Learned a level 3 spell: Dazzling Spray
  2433 | D:3      | Noticed an ogre
  2446 | D:3      | Killed an ogre
  2446 | D:3      | Reached XP level 5. HP: 29/41 MP: 2/9
  3453 | D:4      | Noticed an ogre
  3462 | D:3      | Reached XP level 6. HP: 28/50 MP: 5/10
  3475 | D:3      | Reached skill level 1 in Hexes
  3699 | D:3      | Reached skill level 6 in Conjurations
  3942 | D:4      | Noticed Pikel
  3942 | D:4      | Noticed a slave
  3948 | D:4      | Noticed a slave
  3995 | D:4      | Noticed a slave
  3995 | D:4      | Noticed a slave
  4216 | D:3      | Killed a slave
  4465 | D:3      | Killed Pikel
  4465 | D:3      | Your scales start taking on a dull iron-grey colour.
  4465 | D:3      | Reached XP level 7. HP: 51/59 MP: 3/13
  4465 | D:3      | Gained mutation: You can survive without breathing. [Grey
                  | Draconian growth]
  4555 | D:3      | Learned a level 4 spell: Iskenderun's Mystic Blast
  4819 | D:4      | Gained mutation: You are resistant to electric shocks.
                  | (rElec) [potion of mutation]
  4819 | D:4      | Gained mutation: Your muscles are strong. (Str +2) [potion
                  | of mutation]
  4819 | D:4      | Gained mutation: You have sharp toenails. [potion of
                  | mutation]
  4918 | D:4      | Reached XP level 8. HP: 67/67 MP: 9/14
  5000 | D:4      | Found a shadowy altar of Dithmenos.
  5096 | D:4      | Reached skill level 7 in Conjurations
  5370 | D:5      | Entered Level 5 of the Dungeon
  5416 | D:5      | Found an ancient bone altar of Kikubaaqudgha.
  5461 | D:5      | Got an ivory hand axe
  5462 | D:5      | Identified the +4 hand axe of Nyosaq {holy, *Noise rC+
                  | Str+5 SInv} (You found it on level 5 of the Dungeon)
  5723 | D:5      | Reached skill level 5 in Fighting
  5757 | D:5      | Found a shattered altar of Ashenzari.
  5820 | D:5      | Learned a level 4 spell: Fulminant Prism
  6087 | D:5      | Found a glowing silver altar of Zin.
  6095 | D:5      | Reached skill level 5 in Spellcasting
  6405 | D:6      | Found a staircase to the Ecumenical Temple.
  6955 | D:6      | Reached XP level 9. HP: 18/75 MP: 1/17
  7304 | D:6      | Found a blossoming altar of Fedhas.
  7662 | Temple   | Entered the Ecumenical Temple
  7758 | Temple   | Became a worshipper of Vehumet
  7852 | D:6      | Found an ornate altar of the Wu Jian Council.
  8420 | D:6      | Found a bloodstained altar of Trog.
  8798 | D:7      | Reached skill level 8 in Conjurations
  9087 | D:7      | Noticed Menkaure
  9094 | D:7      | Killed Menkaure
  9492 | D:7      | Noticed Harold
  9568 | D:7      | Reached skill level 5 in Hexes
  9570 | D:7      | Killed Harold
  9570 | D:7      | Reached skill level 5 in Stealth
  9570 | D:7      | Reached XP level 10. HP: 34/84 MP: 2/19
 10549 | D:8      | Reached skill level 1 in Staves
 10552 | D:8      | Reached * piety under Vehumet
 10552 | D:8      | Offered knowledge of Sandblast by Vehumet.
 11393 | D:8      | Learned a level 1 spell: Sandblast
 11641 | D:8      | Reached skill level 1 in Earth Magic
 11965 | D:8      | Reached ** piety under Vehumet
 12203 | D:8      | Found a deep blue altar of Sif Muna.
 12203 | D:8      | Found a sacrificial altar of Ru.
 12412 | D:9      | Found a snail-covered altar of Cheibriados.
 12442 | D:9      | Offered knowledge of Throw Frost by Vehumet.
 12469 | D:9      | Reached skill level 9 in Conjurations
 12625 | D:9      | Found an opulent altar of Gozag.
 13117 | D:10     | Entered Level 10 of the Dungeon
 13336 | D:10     | Noticed Erica
 13479 | D:10     | Found a staircase to the Lair.
 13482 | D:10     | Noticed Sonja
 13493 | D:10     | Noticed Erolcha
 13499 | D:10     | Killed Erica
 13499 | D:10     | Reached XP level 11. HP: 94/94 MP: 9/21
 13522 | D:9      | Slain by Erolcha

Skill      XL: |  1  2  3  4  5  6  7  8  9 10 |
---------------+-------------------------------+-----
Conjurations   | 5 6 7 8 9 |  9.1
Fighting       | 1 2 4 5 6 7 |  7.9
Spellcasting   | 3 4 5 6 7 |  7.1
Hexes          | 2 3 4 5 6 |  6.1
Stealth        | 2 3 5 6 |  6.1
Dodging        | 2 3 4 |  4.9
Staves         | 3 |  3.0
Earth Magic    | 2 |  2.4

Action                   |  1- 3 |  4- 6 |  7- 9 | 10-12 || total
-------------------------+-------+-------+-------+-------++-------
Melee: Spear             |    10 |    12 |    39 |       ||    61
       Tailslap          |     1 |     5 |    38 |    10 ||    54
       Staff             |     5 |    13 |       |    87 ||   105
       Hand axe          |       |       |   203 |     1 ||   204
 Fire: Arbalest          |       |       |       |     6 ||     6
 Cast: Magic Dart        |    65 |    55 |   116 |    25 ||   261
       Searing Ray       |     3 |    14 |    19 |    46 ||    82
       Dazzling Spray    |       |     1 |     2 |     1 ||     4
       Iskenderun's Myst |       |       |     8 |     6 ||    14
       Fulminant Prism   |       |       |     7 |     7 ||    14
       Sandblast         |       |       |       |     7 ||     7
  Use: Scroll            |       |    11 |     5 |     6 ||    22
       Potion            |       |       |     3 |     1 ||     4
 Stab: Distracted        |       |       |     1 |       ||     1
  Eat: Chunk             |     3 |     5 |    13 |     9 ||    30
       Ration            |     1 |     1 |     1 |     2 ||     5
Armor: Skin              |    14 |    46 |   154 |   113 ||   327
Dodge: Dodged            |    12 |    59 |   269 |   263 ||   603
